[Event "Champions Showdown Kings Rapid 2019-D"]
[Site "Saint Louis"]
[Date "2019.02.21"]
[Round "5.4"]
[White "Topalov, Veselin"]
[Black "Dominguez Perez, Leinier"]
[Result "1/2-1/2"]
[ECO "C54"]
[WhiteElo "2740"]
[BlackElo "2739"]
[Annotator "ChessBase"]
[PlyCount "139"]
[EventDate "2019.02.09"]
[EventType "match (rapid)"]
[EventCountry "USA"]
[SourceTitle "playchess.com"]
[Source "ChessBase"]
[SourceQuality "1"]
[TimeControl "900+10"]

1. e4 e5 2. Nf3 Nc6 3. Bc4 Bc5 4. c3 Nf6 5. d3 O-O 6. Bg5 h6 7. Bh4 Be7 8. Nbd2 d6 9. a4 Nh5 10. Bg3 Nxg3 11. hxg3 Nb8 12. O-O Nd7 13. Re1 c6 14. d4 Qc7 15. Bb3 g6 16. Nc4 Kg7 17. Qd2 Rd8 18. Qc2 Nb6 19. Ne3 Nd7 20. Rad1 Nf6 21. Nh2 h5 22. f4 h4 23. fxe5 dxe5 24. gxh4 exd4 25. cxd4 Qg3 26. Nf3 Nh5 27. Nf1 Qf4 28. Qf2 Bg4 29. Rd3 Rf8 30. g3 Qf6 31. N1h2 Be6 32. Bxe6 Qxe6 33. b3 Rad8 34. Kg2 a5 35. Qe3 Nf6 36. Ng5 Qd7 37. Rf1 Ng4 38. Nxg4 Qxg4 39. Nf3 Bd6 40. Qe1 Rh8 41. Nh2 Qe6 42. Rf2 Rhe8 43. Re2 f5 44. Rde3 f4 45. gxf4 Bxf4 46. Rd3 Bxh2 47. Kxh2 Rxd4 48. Rxd4 Qe5+ 49. Kg2 Qxd4 50. Qxa5 Rxe4 51. Rxe4 Qxe4+ 52. Kg3 Qe3+ 53. Kg4 Qe4+ 54. Kg3 Qd3+ 55. Kg4 Qd1+ 56. Kf4 Qd4+ 57. Kg5 Qg1+ 58. Kf4 Qd4+ 59. Kg5 Qe3+ 60. Kg4 Qxb3 61. Qe5+ Kf8 62. Qb8+ Ke7 63. Qc7+ Ke6 64. Qc8+ Kd6 65. Qd8+ Kc5 66. Qf8+ Kb6 67. Qd8+ Ka6 68. Qa8+ Kb6 69. Qd8+ Ka6 70. Qa8+ 1/2-1/2